AoeStats
← SlowBoy

Arabia

505767162Analyzed
1v1 RM · 21d ago on Sep 11, 2026· 20m 44s· 2 players
Game mode
Random Map
Map size
Tiny (2 player)
Population
200
Speed
Normal
Resources
Standard
Victory
Conquest
Starting age
Dark Age
Ending age
Imperial Age
RankedLock teamsTeams togetherTeam positionsShared explorationLock speedFull tech treeHidden civsTurbo modeCheats
Victory
Defeat
🇧🇷 Khmer · Brazil
1685
+19
🇨🇴 Wei · Colombia
1742
-19
SlowBoy
6:31 Loom
9:16 Feudal Age
9:50 Double-Bit Axe
9:48 Horse Collar
16:04 Scale Barding Armor
17:05 Bloodlines
18:19 Wheelbarrow
18:41 Forging
Panelo
6:35 Loom
8:52 Feudal Age
9:21 Double-Bit Axe
9:43 Horse Collar
19:23 Forging
Connection lost

Rejoining the realm…

Still unreachable

The connection could not be restored.

Session expired

The server has moved on; the page needs a fresh start.